![]() |
![]() |
![]() |
html PUBLIC "-//W3C//DTD XHTML 1.0 Transitional//EN" "http://www.w3.org/TR/xhtml1/DTD/xhtml1-transitional.dtd">
CALGARY FIREMEN vs LAS VEGAS LIZARD KINGSCreated - 13 avril 2025 at 21:47
1st period
No Goal
Penalties :
No Penalty
2nd period
No Goal
Penalties :
William Cuylle (LVG) for Hooking (Minor) at 1:22, Gustav Lindstrom (CGY) for Roughing (Minor) at 1:22
3rd period
No Goal
Penalties :
Dmitry Kulikov (LVG) for High sticking (Minor) at 5:29, Martin Fehervary (CGY) for Charging (Minor) at 10:16, John Marino (LVG) for Holding (Minor) at 14:43
Overtime #1
No Goal
Penalties :
No Penalty
Shootout
CALGARY FIREMEN, Tyler Johnson - Goal!
LAS VEGAS LIZARD KINGS, Ryan Nugent-Hopkins - Shot Misses the Net CALGARY FIREMEN, Mason Marchment - Shot Misses the Net LAS VEGAS LIZARD KINGS, Nazem Kadri - Stopped by Martin Jones CALGARY FIREMEN, Calle Jarnkrok - Stopped by Sergei Bobrovsky LAS VEGAS LIZARD KINGS, Johnny Gaudreau - Goal! CALGARY FIREMEN, Ryan Johansen - Shot Misses the Net LAS VEGAS LIZARD KINGS, Sean Couturier - Goal! Penalties :
No Penalty
Goalie StatsMartin Jones (CGY), 26 saves from 26 shots - (1,000), OTL, 9-18-4, 65:00 minutes
Sergei Bobrovsky (LVG), 21 saves from 21 shots - (1,000), W, 28-29-3, 65:00 minutes
Players Stats for CALGARY FIREMENPlayer Name G A P +/- PIM S H SB GA TA FO MP PP MP PK MP ------------------------------------------------------------------------------------ Brett Howden 0 0 0 0 0 1 0 0 0 0 4/8 9:03 0:00 0:40 Calle Jarnkrok 0 0 0 0 0 1 1 0 0 0 0/0 23:53 2:01 1:05 Cody Glass 0 0 0 0 0 1 0 0 0 0 2/3 4:13 0:00 0:00 Gustav Lindstrom 0 0 0 0 2 0 0 0 0 0 0/0 14:33 0:00 0:40 Isac Lundestrom 0 0 0 0 0 2 0 0 0 0 0/0 11:28 0:00 0:00 Jack Drury 0 0 0 0 0 3 0 0 0 0 8/20 18:36 1:57 0:14 Jacob Bryson 0 0 0 0 0 0 0 1 0 0 0/0 14:40 0:00 0:46 Kieffer Bellows 0 0 0 0 0 0 0 0 0 0 0/0 8:23 0:00 0:00 Logan Stankoven 0 0 0 0 0 0 0 0 0 0 0/0 13:31 0:00 0:00 Martin Fehervary 0 0 0 0 2 2 3 1 0 0 0/0 21:20 1:35 0:00 Mason Marchment 0 0 0 0 0 4 1 0 0 0 0/3 23:51 2:01 1:05 Michael McCarron 0 0 0 0 0 1 3 0 0 0 0/1 16:42 1:57 0:00 Olen Zellweger 0 0 0 0 0 0 1 1 0 0 0/0 21:39 1:35 0:18 Rasmus Sandin 0 0 0 0 0 2 1 5 0 0 0/0 26:34 2:23 1:07 Ryan Graves 0 0 0 0 0 0 2 1 0 0 0/0 26:12 2:23 1:07 Ryan Johansen 0 0 0 0 0 1 0 0 0 0 10/20 19:31 2:01 0:54 Tyler Johnson 0 0 0 0 0 2 0 1 0 0 13/27 20:09 0:00 0:00 Yakov Trenin 0 0 0 0 0 1 0 0 0 0 0/0 16:42 1:57 0:00 Players Stats for LAS VEGAS LIZARD KINGSPlayer Name G A P +/- PIM S H SB GA TA FO MP PP MP PK MP ------------------------------------------------------------------------------------ Dmitry Kulikov 0 0 0 0 2 1 1 0 0 0 0/0 17:35 0:00 0:44 Drew O'Connor 0 0 0 0 0 1 0 1 0 0 0/0 7:19 0:00 0:00 Dylan Holloway 0 0 0 0 0 2 3 0 0 0 0/3 20:00 0:39 0:00 Evan Rodrigues 0 0 0 0 0 1 1 1 0 0 1/2 19:33 0:39 0:00 John Marino 0 0 0 0 2 0 3 1 0 0 0/0 23:37 0:39 1:15 Johnny Gaudreau 0 0 0 0 0 3 2 0 0 0 1/1 20:03 1:20 0:00 Luke Glendening 0 0 0 0 0 1 0 0 0 0 1/1 10:53 0:00 1:06 Matt Roy 0 0 0 0 0 0 0 1 0 0 0/0 18:47 1:20 0:43 Nazem Kadri 0 0 0 0 0 2 1 1 0 0 16/23 24:41 0:39 1:15 Niko Mikkola 0 0 0 0 0 0 1 3 0 0 0/0 16:18 0:00 1:26 Ryan McDonagh 0 0 0 0 0 0 2 0 0 0 0/0 27:44 0:39 2:00 Ryan Nugent-Hopkins 0 0 0 0 0 8 1 0 0 0 15/29 23:38 1:20 2:21 Sean Couturier 0 0 0 0 0 1 0 0 0 0 6/13 11:51 0:00 1:37 Simon Nemec 0 0 0 0 0 2 0 0 0 0 0/0 20:57 1:20 1:48 Ty Dellandrea 0 0 0 0 0 0 1 0 0 0 3/5 7:19 0:00 0:00 Vladislav Namestnikov 0 0 0 0 0 2 2 0 0 0 2/4 21:40 1:20 1:37 William Cuylle 0 0 0 0 2 2 2 0 0 0 0/1 9:46 0:00 0:00 Zemgus Girgensons 0 0 0 0 0 0 0 0 0 0 0/0 7:19 0:00 0:00 3 Stars
1 - Martin Jones (CGY)
2 - Sergei Bobrovsky (LVG) 3 - Dylan Holloway (LVG) Power PlayCALGARY FIREMEN - 0 on 2 Attempt(s) - 0,00%
LAS VEGAS LIZARD KINGS - 0 on 1 Attempt(s) - 0,00%
Penalty KillCALGARY FIREMEN - 1 on 1 Attempt(s) - 100,00%
- Score 0 goal in Penalty Kill
LAS VEGAS LIZARD KINGS - 2 on 2 Attempt(s) - 100,00%
- Score 0 goal in Penalty Kill
Team StatCALGARY FIREMEN - Hits : 12 - Faceoff Wins : 37 - Blocked Shots : 10 - Penalty Minutes : 4
LAS VEGAS LIZARD KINGS - Hits : 20 - Faceoff Wins : 45 - Blocked Shots : 8 - Penalty Minutes : 6
Official
Referees : Robert Hennessey and Marc Joannette
Linesman : Kory Nagy and Ryan Gibbons Game Notes
Cody Glass is injured at 6:30 of 2nd period (Right Ankle)
FinanceLevel 1 -- Attendance: 5122 (81,69%) -- Ticket Income 1 126 840 $Level 2 -- Attendance: 4079 (64,54%) -- Ticket Income 611 850 $ Level 3 -- Attendance: 1721 (82,34%) -- Ticket Income 223 730 $ Level 4 -- Attendance: 3240 (75,00%) -- Ticket Income 324 000 $ Luxury Box -- Attendance: 786 (78,60%) -- Ticket Income 314 400 $ Game was played at the Casino Square Garden. Total Attendance: 14948 (74,74%) Total Ticket Income: 2 600 820 $ Other Expense: 26 008 $ Total Income: 2 574 812 $ CALGARY FIREMEN5 vs 5 Forward Center Left Wing Right Wing Time % Phy DF OF 1 Tyler Johnson Mason Marchment Calle Jarnkrok 36 1 2 2 2 Jack Drury Yakov Trenin Michael McCarron 31 1 2 2 3 Ryan Johansen Isac Lundestrom Logan Stankoven 23 1 2 2 4 Brett Howden Kieffer Bellows Cody Glass 10 1 2 2 5 vs 5 Defense Defense Defense Time % Phy DF OF 1 Rasmus Sandin Ryan Graves 36 1 2 2 2 Martin Fehervary Olen Zellweger 31 1 2 2 3 Gustav Lindstrom Jacob Bryson 23 1 2 2 4 Rasmus Sandin Ryan Graves 10 1 2 2 PowerPlay Forward Center Left Wing Right Wing Time % Phy DF OF 1 Ryan Johansen Mason Marchment Calle Jarnkrok 55 1 2 2 2 Jack Drury Yakov Trenin Michael McCarron 45 1 2 2 PowerPlay Defense Defense Defense Time % Phy DF OF 1 Rasmus Sandin Ryan Graves 55 1 2 2 2 Martin Fehervary Olen Zellweger 45 1 2 2 Penalty Kill 4 Players Forward Center Wing Time % Phy DF OF 1 Jack Drury Ryan Johansen 55 1 2 2 2 Mason Marchment Calle Jarnkrok 45 1 2 2 Penalty Kill 4 Players Defense Defense Defense Time % Phy DF OF 1 Rasmus Sandin Ryan Graves 55 1 2 2 2 Martin Fehervary Olen Zellweger 45 1 2 2 Penalty Kill - 3 Players Forward Forward Time % Phy DF OF 1 Calle Jarnkrok 55 1 2 2 2 Mason Marchment 45 1 2 2 Penalty Kill - 3 Players Defense Defense Defense Time % Phy DF OF 1 Rasmus Sandin Ryan Graves 55 1 2 2 2 Martin Fehervary Olen Zellweger 45 1 2 2 4 vs 4 Forward Center Wing Time % Phy DF OF 1 Cody Glass Ryan Johansen 55 1 2 2 2 Mason Marchment Calle Jarnkrok 45 1 2 2 4 vs 4 Defense Defense Defense Time % Phy DF OF 1 Rasmus Sandin Ryan Graves 55 1 2 2 2 Martin Fehervary Olen Zellweger 45 1 2 2 Last Minutes Offensive Center Left Wing Right Wing Defense Defense Tyler Johnson Mason Marchment Calle Jarnkrok Rasmus Sandin Ryan Graves Last Minutes Defensive Center Left Wing Right Wing Defense Defense Tyler Johnson Mason Marchment Calle Jarnkrok Rasmus Sandin Ryan Graves Goaltenders Starting : Martin Jones Backup : Samuel Ersson Extra Forwards Normal : Jack Drury, Cody Glass, Ryan Johansen - PP : Jack Drury, Cody Glass - PK : Ryan Johansen Extra Defensemen Normal : Gustav Lindstrom, Jacob Bryson, Martin Fehervary - PP : Gustav Lindstrom - PK : Jacob Bryson, Martin Fehervary Penalty Shots Tyler Johnson, Cody Glass, Mason Marchment, Calle Jarnkrok, Ryan Johansen Custom OT Lines Forwards Tyler Johnson, Cody Glass, Mason Marchment, Calle Jarnkrok, Ryan Johansen, Michael McCarron, Brett Howden, Yakov Trenin, Jack Drury, Isac Lundestrom Custom OT Lines Defensemen Rasmus Sandin, Ryan Graves, Martin Fehervary, Olen Zellweger, Gustav Lindstrom Scratches Andrew Copp (Healthy), Evgeny Kuznetsov (Broken Ribs Injury), Jared Spurgeon (Right Foot Injury), Liam Foudy (Healthy), Jake McCabe (Torn Left ACL Injury) LAS VEGAS LIZARD KINGS5 vs 5 Forward Center Left Wing Right Wing Time % Phy DF OF 1 Ryan Nugent-Hopkins Johnny Gaudreau Vladislav Namestnikov 35 1 2 2 2 Nazem Kadri Dylan Holloway Evan Rodrigues 35 1 2 2 3 Sean Couturier William Cuylle Luke Glendening 20 1 2 2 4 Ty Dellandrea Drew O'Connor Zemgus Girgensons 10 1 2 2 5 vs 5 Defense Defense Defense Time % Phy DF OF 1 Ryan McDonagh John Marino 35 1 2 2 2 Dmitry Kulikov Matt Roy 30 1 2 2 3 Niko Mikkola Simon Nemec 25 1 2 2 4 Simon Nemec Ryan McDonagh 10 1 2 2 PowerPlay Forward Center Left Wing Right Wing Time % Phy DF OF 1 Ryan Nugent-Hopkins Johnny Gaudreau Vladislav Namestnikov 55 1 2 2 2 Nazem Kadri Dylan Holloway Evan Rodrigues 45 1 2 2 PowerPlay Defense Defense Defense Time % Phy DF OF 1 Ryan McDonagh John Marino 55 1 2 2 2 Simon Nemec Matt Roy 45 1 2 2 Penalty Kill 4 Players Forward Center Wing Time % Phy DF OF 1 Ryan Nugent-Hopkins Nazem Kadri 55 1 2 2 2 Sean Couturier Vladislav Namestnikov 45 1 2 2 Penalty Kill 4 Players Defense Defense Defense Time % Phy DF OF 1 Ryan McDonagh John Marino 55 1 2 2 2 Simon Nemec Niko Mikkola 45 1 2 2 Penalty Kill - 3 Players Forward Forward Time % Phy DF OF 1 Sean Couturier 55 1 2 2 2 Nazem Kadri 45 1 2 2 Penalty Kill - 3 Players Defense Defense Defense Time % Phy DF OF 1 Ryan McDonagh John Marino 55 1 2 2 2 Simon Nemec Matt Roy 45 1 2 2 4 vs 4 Forward Center Wing Time % Phy DF OF 1 Ryan Nugent-Hopkins Nazem Kadri 55 1 2 2 2 Johnny Gaudreau Vladislav Namestnikov 45 1 2 2 4 vs 4 Defense Defense Defense Time % Phy DF OF 1 Ryan McDonagh John Marino 55 1 2 2 2 Simon Nemec Matt Roy 45 1 2 2 Last Minutes Offensive Center Left Wing Right Wing Defense Defense Ryan Nugent-Hopkins Johnny Gaudreau Vladislav Namestnikov Ryan McDonagh John Marino Last Minutes Defensive Center Left Wing Right Wing Defense Defense Ryan Nugent-Hopkins Johnny Gaudreau Vladislav Namestnikov Ryan McDonagh John Marino Goaltenders Starting : Sergei Bobrovsky Backup : Kaapo Kahkonen Extra Forwards Normal : William Cuylle, Drew O'Connor, Luke Glendening - PP : William Cuylle, Drew O'Connor - PK : Luke Glendening Extra Defensemen Normal : Niko Mikkola, Dmitry Kulikov, Simon Nemec - PP : Niko Mikkola - PK : Dmitry Kulikov, Simon Nemec Penalty Shots Ryan Nugent-Hopkins, Nazem Kadri, Johnny Gaudreau, Sean Couturier, Vladislav Namestnikov Custom OT Lines Forwards Ryan Nugent-Hopkins, Nazem Kadri, Johnny Gaudreau, Vladislav Namestnikov, Dylan Holloway, Sean Couturier, William Cuylle, Drew O'Connor, Luke Glendening, Zemgus Girgensons Custom OT Lines Defensemen Ryan McDonagh, John Marino, Simon Nemec, Matt Roy, Niko Mikkola Scratches None
Play-by-Play1st period0:01 of 1st period - Vladislav Namestnikov wins face-off versus Tyler Johnson in neutral zone. 0:31 of 1st period - Shot by Calle Jarnkrok. 0:31 of 1st period - Shot Blocked by John Marino. 0:50 of 1st period - Off-side. 0:51 of 1st period - Ryan Johansen wins face-off versus Nazem Kadri in neutral zone. 1:05 of 1st period - Icing by Dylan Holloway. 1:06 of 1st period - Nazem Kadri wins face-off versus Jack Drury in LAS VEGAS LIZARD KINGS zone. 1:17 of 1st period - Shot by Jack Drury. 1:17 of 1st period - Shot Misses the Net. 1:32 of 1st period - Shot by Michael McCarron. 1:32 of 1st period - Shot Hit the Post. 2:02 of 1st period - Shot by William Cuylle. 2:02 of 1st period - Deflect By Sean Couturier. 2:02 of 1st period - Shot Hit the Post. 2:04 of 1st period - Shot by Luke Glendening. 2:04 of 1st period - Stopped by Martin Jones without a rebound. 2:05 of 1st period - Ryan Johansen wins face-off versus Ty Dellandrea in CALGARY FIREMEN zone. 2:26 of 1st period - Shot by Ty Dellandrea. 2:26 of 1st period - Deflect By Drew O'Connor. 2:26 of 1st period - Shot Misses the Net. 2:28 of 1st period - Shot by Simon Nemec. 2:28 of 1st period - Stopped by Martin Jones without a rebound. 2:29 of 1st period - Cody Glass wins face-off versus William Cuylle in CALGARY FIREMEN zone. 2:43 of 1st period - Icing by John Marino. 2:44 of 1st period - Sean Couturier wins face-off versus Tyler Johnson in LAS VEGAS LIZARD KINGS zone. 2:54 of 1st period - Off-side. 2:55 of 1st period - Ryan Nugent-Hopkins wins face-off versus Brett Howden in neutral zone. 2:58 of 1st period - Shot by Ryan Nugent-Hopkins. 2:58 of 1st period - Stopped by Martin Jones without a rebound. 2:59 of 1st period - Tyler Johnson wins face-off versus Ryan Nugent-Hopkins in CALGARY FIREMEN zone. 2:59 of 1st period - Tyler Johnson is hit by Vladislav Namestnikov. 3:22 of 1st period - Off-side. 3:23 of 1st period - Nazem Kadri wins face-off versus Ryan Johansen in neutral zone. 3:52 of 1st period - Shot by Evan Rodrigues. 3:52 of 1st period - Shot Blocked by Olen Zellweger. 3:54 of 1st period - Shot by Matt Roy. 3:54 of 1st period - Shot Blocked by Martin Fehervary. 3:56 of 1st period - Shot by Evan Rodrigues. 3:56 of 1st period - Stopped by Martin Jones with a rebound. 3:58 of 1st period - Shot by Dylan Holloway. 3:58 of 1st period - Stopped by Martin Jones with a rebound. 5:17 of 1st period - Shot by Sean Couturier. 5:17 of 1st period - Stopped by Martin Jones without a rebound. 5:18 of 1st period - Jack Drury wins face-off versus Ty Dellandrea in CALGARY FIREMEN zone. 5:18 of 1st period - Jack Drury is hit by Ty Dellandrea. 5:30 of 1st period - Shot by Ty Dellandrea. 5:30 of 1st period - Shot Misses the Net. 5:32 of 1st period - Shot by Drew O'Connor. 5:32 of 1st period - Stopped by Martin Jones without a rebound. 5:33 of 1st period - Nazem Kadri wins face-off versus Tyler Johnson in CALGARY FIREMEN zone. 5:38 of 1st period - Shot by Dylan Holloway. 5:38 of 1st period - Deflect By Nazem Kadri. 5:38 of 1st period - Stopped by Martin Jones without a rebound. 5:39 of 1st period - Luke Glendening wins face-off versus Tyler Johnson in CALGARY FIREMEN zone. 6:28 of 1st period - Icing by Ryan Graves. 6:29 of 1st period - Tyler Johnson wins face-off versus Nazem Kadri in CALGARY FIREMEN zone. 7:03 of 1st period - Shot by Jack Drury. 7:03 of 1st period - Shot Misses the Net. 8:27 of 1st period - Calle Jarnkrok is hit by Dmitry Kulikov. 8:32 of 1st period - Ryan Nugent-Hopkins is hit by Rasmus Sandin and loses puck. 8:36 of 1st period - Icing by Rasmus Sandin. 8:37 of 1st period - Ty Dellandrea wins face-off versus Tyler Johnson in CALGARY FIREMEN zone. 9:16 of 1st period - Drew O'Connor is hit by Michael McCarron and loses puck. 9:39 of 1st period - Icing by Niko Mikkola. 9:40 of 1st period - Sean Couturier wins face-off versus Brett Howden in LAS VEGAS LIZARD KINGS zone. 9:56 of 1st period - Shot by Sean Couturier. 9:56 of 1st period - Deflect By William Cuylle. 9:56 of 1st period - Stopped by Martin Jones without a rebound. 9:57 of 1st period - Ryan Johansen wins face-off versus Ryan Nugent-Hopkins in CALGARY FIREMEN zone. 10:03 of 1st period - Icing by Rasmus Sandin. 10:04 of 1st period - Ryan Johansen wins face-off versus Evan Rodrigues in CALGARY FIREMEN zone. 10:59 of 1st period - Off-side. 11:00 of 1st period - Vladislav Namestnikov wins face-off versus Tyler Johnson in neutral zone. 11:09 of 1st period - Shot by Johnny Gaudreau. 11:09 of 1st period - Shot Misses the Net. 11:21 of 1st period - Shot by Johnny Gaudreau. 11:21 of 1st period - Stopped by Martin Jones with a rebound. 13:33 of 1st period - Icing by Ryan McDonagh. 13:34 of 1st period - Nazem Kadri wins face-off versus Ryan Johansen in LAS VEGAS LIZARD KINGS zone. 15:05 of 1st period - Shot by Mason Marchment. 15:05 of 1st period - Shot Blocked by Niko Mikkola. 15:44 of 1st period - Shot by Ty Dellandrea. 15:44 of 1st period - Shot Misses the Net. 16:40 of 1st period - Icing by Niko Mikkola. 16:41 of 1st period - Jack Drury wins face-off versus Sean Couturier in LAS VEGAS LIZARD KINGS zone. 16:50 of 1st period - Shot by Michael McCarron. 16:50 of 1st period - Deflect By Jack Drury. 16:50 of 1st period - Stopped by Sergei Bobrovsky with a rebound. 16:52 of 1st period - Shot by Michael McCarron. 16:52 of 1st period - Deflect By Jack Drury. 16:52 of 1st period - Shot Blocked by Niko Mikkola. 17:38 of 1st period - Icing by John Marino. 17:39 of 1st period - Ryan Nugent-Hopkins wins face-off versus Tyler Johnson in LAS VEGAS LIZARD KINGS zone. 18:05 of 1st period - Johnny Gaudreau is hit by Ryan Graves and loses puck. 18:59 of 1st period - Dylan Holloway is hit by Ryan Graves and loses puck. 19:26 of 1st period - Shot by Zemgus Girgensons. 19:26 of 1st period - Shot Misses the Net. 19:42 of 1st period - Shot by Isac Lundestrom. 19:42 of 1st period - Stopped by Sergei Bobrovsky with a rebound. 19:53 of 1st period - Icing by Martin Fehervary. 19:54 of 1st period - Ryan Nugent-Hopkins wins face-off versus Ryan Johansen in CALGARY FIREMEN zone. Goals for this period are 0 for CALGARY FIREMEN vs 0 for LAS VEGAS LIZARD KINGS. Shots for this period are 2 for CALGARY FIREMEN vs 10 for LAS VEGAS LIZARD KINGS. 2nd period0:01 of 2nd period - Ryan Nugent-Hopkins wins face-off versus Jack Drury in neutral zone. 1:10 of 2nd period - Shot by Mason Marchment. 1:10 of 2nd period - Shot Blocked by Nazem Kadri. 1:17 of 2nd period - Off-side. 1:18 of 2nd period - Sean Couturier wins face-off versus Ryan Johansen in neutral zone. 1:22 of 2nd period - Minor Penalty to William Cuylle for Hooking. 1:22 of 2nd period - Minor Penalty to Gustav Lindstrom for Roughing. 1:23 of 2nd period - Ryan Nugent-Hopkins wins face-off versus Cody Glass in CALGARY FIREMEN zone. 1:26 of 2nd period - Shot by Nazem Kadri. 1:26 of 2nd period - Shot Blocked by Ryan Graves. 1:36 of 2nd period - Shot by Ryan Johansen. 1:36 of 2nd period - Shot Blocked by Matt Roy. 1:46 of 2nd period - Shot by Cody Glass. 1:46 of 2nd period - Stopped by Sergei Bobrovsky without a rebound. 1:47 of 2nd period - Cody Glass wins face-off versus Ryan Nugent-Hopkins in LAS VEGAS LIZARD KINGS zone. 1:54 of 2nd period - Martin Fehervary is hit by Nazem Kadri and loses puck. 2:55 of 2nd period - Shot by Mason Marchment. 2:55 of 2nd period - Shot Misses the Net. 2:57 of 2nd period - Shot by Calle Jarnkrok. 2:57 of 2nd period - Shot Misses the Net. 3:16 of 2nd period - Icing by Johnny Gaudreau. 3:17 of 2nd period - Johnny Gaudreau wins face-off versus Mason Marchment in LAS VEGAS LIZARD KINGS zone. 3:43 of 2nd period - Shot by Yakov Trenin. 3:43 of 2nd period - Stopped by Sergei Bobrovsky with a rebound. 3:45 of 2nd period - Shot by Michael McCarron. 3:45 of 2nd period - Stopped by Sergei Bobrovsky without a rebound. 3:46 of 2nd period - Ty Dellandrea wins face-off versus Mason Marchment in LAS VEGAS LIZARD KINGS zone. 4:56 of 2nd period - Icing by Ryan Graves. 4:57 of 2nd period - Tyler Johnson wins face-off versus Ryan Nugent-Hopkins in CALGARY FIREMEN zone. 5:19 of 2nd period - Icing by Rasmus Sandin. 5:20 of 2nd period - Nazem Kadri wins face-off versus Tyler Johnson in CALGARY FIREMEN zone. 5:38 of 2nd period - Icing by Niko Mikkola. 5:39 of 2nd period - Nazem Kadri wins face-off versus Jack Drury in LAS VEGAS LIZARD KINGS zone. 5:39 of 2nd period - Nazem Kadri is hit by Michael McCarron. 6:00 of 2nd period - Shot by Nazem Kadri. 6:00 of 2nd period - Shot Misses the Net. 6:07 of 2nd period - Off-side. 6:08 of 2nd period - Ryan Johansen wins face-off versus Ryan Nugent-Hopkins in neutral zone. 6:15 of 2nd period - Logan Stankoven is hit by Vladislav Namestnikov and loses puck. 6:26 of 2nd period - Shot by Johnny Gaudreau. 6:26 of 2nd period - Shot Misses the Net. 6:28 of 2nd period - Shot by Ryan Nugent-Hopkins. 6:28 of 2nd period - Stopped by Martin Jones without a rebound. 6:29 of 2nd period - Brett Howden wins face-off versus Sean Couturier in CALGARY FIREMEN zone. 6:29 of 2nd period - Cody Glass is hit by William Cuylle and loses puck. 6:30 of 2nd period - Cody Glass from CALGARY FIREMEN is injured at 6:30 of 2nd period (Right Ankle). 6:31 of 2nd period - Nazem Kadri wins face-off versus Jack Drury in CALGARY FIREMEN zone. 6:43 of 2nd period - Icing by Martin Fehervary. 6:44 of 2nd period - Ryan Nugent-Hopkins wins face-off versus Jack Drury in CALGARY FIREMEN zone. 7:41 of 2nd period - Icing by Jacob Bryson. 7:42 of 2nd period - Ryan Johansen wins face-off versus Nazem Kadri in CALGARY FIREMEN zone. 7:53 of 2nd period - Jacob Bryson is hit by Dylan Holloway and loses puck. 8:06 of 2nd period - Shot by Isac Lundestrom. 8:06 of 2nd period - Stopped by Sergei Bobrovsky without a rebound. 8:07 of 2nd period - Sean Couturier wins face-off versus Tyler Johnson in LAS VEGAS LIZARD KINGS zone. 8:07 of 2nd period - William Cuylle is hit by Mason Marchment and loses puck. 8:12 of 2nd period - Shot by Mason Marchment. 8:12 of 2nd period - Stopped by Sergei Bobrovsky without a rebound. 8:13 of 2nd period - Tyler Johnson wins face-off versus Sean Couturier in LAS VEGAS LIZARD KINGS zone. 8:14 of 2nd period - Shot by Mason Marchment. 8:14 of 2nd period - Stopped by Sergei Bobrovsky without a rebound. 8:15 of 2nd period - Jack Drury wins face-off versus Ryan Nugent-Hopkins in LAS VEGAS LIZARD KINGS zone. 8:21 of 2nd period - Icing by Simon Nemec. 8:22 of 2nd period - Jack Drury wins face-off versus Ryan Nugent-Hopkins in LAS VEGAS LIZARD KINGS zone. 8:57 of 2nd period - Shot by Jack Drury. 8:57 of 2nd period - Stopped by Sergei Bobrovsky without a rebound. 8:58 of 2nd period - Nazem Kadri wins face-off versus Tyler Johnson in LAS VEGAS LIZARD KINGS zone. 9:18 of 2nd period - Mason Marchment is hit by Dylan Holloway and loses puck. 9:35 of 2nd period - Icing by Dmitry Kulikov. 9:36 of 2nd period - Nazem Kadri wins face-off versus Ryan Johansen in LAS VEGAS LIZARD KINGS zone. 9:52 of 2nd period - Icing by Jacob Bryson. 9:53 of 2nd period - Ryan Johansen wins face-off versus Ryan Nugent-Hopkins in CALGARY FIREMEN zone. 10:29 of 2nd period - Icing by John Marino. 10:30 of 2nd period - Jack Drury wins face-off versus Ryan Nugent-Hopkins in LAS VEGAS LIZARD KINGS zone. 10:32 of 2nd period - Michael McCarron is hit by Ryan McDonagh. 10:37 of 2nd period - Yakov Trenin is hit by John Marino. 11:48 of 2nd period - Shot by Sean Couturier. 11:48 of 2nd period - Shot Blocked by Tyler Johnson. 11:59 of 2nd period - Icing by Niko Mikkola. 12:00 of 2nd period - Brett Howden wins face-off versus Sean Couturier in LAS VEGAS LIZARD KINGS zone. 12:41 of 2nd period - Shot by Evan Rodrigues. 12:41 of 2nd period - Deflect By Nazem Kadri. 12:41 of 2nd period - Stopped by Martin Jones with a rebound. 14:07 of 2nd period - Shot by Jack Drury. 14:07 of 2nd period - Shot Blocked by Drew O'Connor. 14:27 of 2nd period - Shot by Vladislav Namestnikov. 14:27 of 2nd period - Stopped by Martin Jones without a rebound. 14:28 of 2nd period - Ryan Johansen wins face-off versus Sean Couturier in CALGARY FIREMEN zone. 14:52 of 2nd period - Shot by Isac Lundestrom. 14:52 of 2nd period - Shot Misses the Net. 15:05 of 2nd period - Icing by Sean Couturier. 15:06 of 2nd period - Tyler Johnson wins face-off versus Sean Couturier in LAS VEGAS LIZARD KINGS zone. 15:11 of 2nd period - Shot by Calle Jarnkrok. 15:11 of 2nd period - Shot Misses the Net. 15:15 of 2nd period - Shot by Tyler Johnson. 15:15 of 2nd period - Stopped by Sergei Bobrovsky without a rebound. 15:16 of 2nd period - Brett Howden wins face-off versus Nazem Kadri in LAS VEGAS LIZARD KINGS zone. 15:21 of 2nd period - Shot by Jack Drury. 15:21 of 2nd period - Shot Misses the Net. 15:38 of 2nd period - Shot by Brett Howden. 15:38 of 2nd period - Shot Blocked by Evan Rodrigues. 15:40 of 2nd period - Shot by Brett Howden. 15:40 of 2nd period - Stopped by Sergei Bobrovsky with a rebound. 15:56 of 2nd period - Icing by Brett Howden. 15:57 of 2nd period - Brett Howden wins face-off versus Ryan Nugent-Hopkins in CALGARY FIREMEN zone. 16:08 of 2nd period - Shot by Ryan Nugent-Hopkins. 16:08 of 2nd period - Shot Misses the Net. 16:30 of 2nd period - Olen Zellweger is hit by Ryan Nugent-Hopkins. 16:47 of 2nd period - Off-side. 16:48 of 2nd period - Ryan Johansen wins face-off versus Nazem Kadri in neutral zone. 17:04 of 2nd period - Icing by Simon Nemec. 17:05 of 2nd period - Tyler Johnson wins face-off versus Dylan Holloway in LAS VEGAS LIZARD KINGS zone. 18:11 of 2nd period - Shot by Sean Couturier. 18:11 of 2nd period - Shot Blocked by Rasmus Sandin. 18:25 of 2nd period - Shot by Isac Lundestrom. 18:25 of 2nd period - Deflect By Ryan Johansen. 18:25 of 2nd period - Stopped by Sergei Bobrovsky without a rebound. 18:26 of 2nd period - Ryan Nugent-Hopkins wins face-off versus Jack Drury in LAS VEGAS LIZARD KINGS zone. 18:26 of 2nd period - Ryan Nugent-Hopkins is hit by Michael McCarron. 18:38 of 2nd period - Shot by Michael McCarron. 18:38 of 2nd period - Shot Misses the Net. 18:52 of 2nd period - Shot by Yakov Trenin. 18:52 of 2nd period - Deflect By Jack Drury. 18:52 of 2nd period - Stopped by Sergei Bobrovsky without a rebound. 18:53 of 2nd period - Ty Dellandrea wins face-off versus Tyler Johnson in LAS VEGAS LIZARD KINGS zone. 18:53 of 2nd period - Ty Dellandrea is hit by Calle Jarnkrok. 18:59 of 2nd period - John Marino is hit by Martin Fehervary and loses puck. 19:12 of 2nd period - Icing by Martin Fehervary. 19:13 of 2nd period - Nazem Kadri wins face-off versus Tyler Johnson in CALGARY FIREMEN zone. 19:13 of 2nd period - Nazem Kadri is hit by Martin Fehervary. 19:38 of 2nd period - Shot by Tyler Johnson. 19:38 of 2nd period - Shot Misses the Net. 19:40 of 2nd period - Shot by Martin Fehervary. 19:40 of 2nd period - Stopped by Sergei Bobrovsky without a rebound. 19:41 of 2nd period - Ryan Nugent-Hopkins wins face-off versus Jack Drury in LAS VEGAS LIZARD KINGS zone. Goals for this period are 0 for CALGARY FIREMEN vs 0 for LAS VEGAS LIZARD KINGS. Shots for this period are 12 for CALGARY FIREMEN vs 3 for LAS VEGAS LIZARD KINGS. 3rd period0:01 of 3rd period - Ryan Nugent-Hopkins wins face-off versus Jack Drury in neutral zone. 0:06 of 3rd period - Shot by Vladislav Namestnikov. 0:06 of 3rd period - Stopped by Martin Jones without a rebound. 0:07 of 3rd period - Ryan Nugent-Hopkins wins face-off versus Jack Drury in CALGARY FIREMEN zone. 0:14 of 3rd period - Shot by Johnny Gaudreau. 0:14 of 3rd period - Stopped by Martin Jones without a rebound. 0:15 of 3rd period - Tyler Johnson wins face-off versus Ryan Nugent-Hopkins in CALGARY FIREMEN zone. 0:15 of 3rd period - Tyler Johnson is hit by Johnny Gaudreau. 0:28 of 3rd period - Shot by Vladislav Namestnikov. 0:28 of 3rd period - Shot Misses the Net. 0:30 of 3rd period - Shot by Johnny Gaudreau. 0:30 of 3rd period - Shot Blocked by Rasmus Sandin. 0:49 of 3rd period - Off-side. 0:50 of 3rd period - Jack Drury wins face-off versus Dylan Holloway in neutral zone. 0:53 of 3rd period - Shot by Michael McCarron. 0:53 of 3rd period - Shot Misses the Net. 1:50 of 3rd period - Ryan Johansen is hit by William Cuylle and loses puck. 2:40 of 3rd period - Shot by Tyler Johnson. 2:40 of 3rd period - Shot Misses the Net. 2:42 of 3rd period - Shot by Rasmus Sandin. 2:42 of 3rd period - Stopped by Sergei Bobrovsky with a rebound. 2:44 of 3rd period - Shot by Calle Jarnkrok. 2:44 of 3rd period - Deflect By Mason Marchment. 2:44 of 3rd period - Stopped by Sergei Bobrovsky without a rebound. 2:45 of 3rd period - Ryan Nugent-Hopkins wins face-off versus Brett Howden in LAS VEGAS LIZARD KINGS zone. 3:23 of 3rd period - Icing by Niko Mikkola. 3:24 of 3rd period - Tyler Johnson wins face-off versus Ryan Nugent-Hopkins in LAS VEGAS LIZARD KINGS zone. 3:35 of 3rd period - Shot by Vladislav Namestnikov. 3:35 of 3rd period - Shot Misses the Net. 5:29 of 3rd period - Minor Penalty to Dmitry Kulikov for High sticking. 5:30 of 3rd period - Sean Couturier wins face-off versus Jack Drury in LAS VEGAS LIZARD KINGS zone. 5:43 of 3rd period - Shot by Rasmus Sandin. 5:43 of 3rd period - Stopped by Sergei Bobrovsky without a rebound. 5:44 of 3rd period - Ryan Nugent-Hopkins wins face-off versus Ryan Johansen in LAS VEGAS LIZARD KINGS zone. 6:41 of 3rd period - Icing by Martin Fehervary. 6:42 of 3rd period - Jack Drury wins face-off versus Ryan Nugent-Hopkins in CALGARY FIREMEN zone. 7:37 of 3rd period - Shot by Brett Howden. 7:37 of 3rd period - Shot Misses the Net. 7:49 of 3rd period - Shot by Calle Jarnkrok. 7:49 of 3rd period - Stopped by Sergei Bobrovsky without a rebound. 7:50 of 3rd period - Tyler Johnson wins face-off versus Sean Couturier in LAS VEGAS LIZARD KINGS zone. 8:37 of 3rd period - Icing by Rasmus Sandin. 8:38 of 3rd period - Tyler Johnson wins face-off versus Ryan Nugent-Hopkins in CALGARY FIREMEN zone. 8:38 of 3rd period - Tyler Johnson is hit by Johnny Gaudreau. 8:59 of 3rd period - Off-side. 9:00 of 3rd period - Evan Rodrigues wins face-off versus Jack Drury in neutral zone. 9:03 of 3rd period - Shot by Dylan Holloway. 9:03 of 3rd period - Stopped by Martin Jones without a rebound. 9:04 of 3rd period - Jack Drury wins face-off versus Nazem Kadri in CALGARY FIREMEN zone. 9:27 of 3rd period - Jack Drury is hit by John Marino and loses puck. 10:15 of 3rd period - Ryan Nugent-Hopkins is hit by Olen Zellweger and loses puck. 10:16 of 3rd period - Minor Penalty to Martin Fehervary for Charging. 10:17 of 3rd period - Ryan Nugent-Hopkins wins face-off versus Mason Marchment in CALGARY FIREMEN zone. 10:20 of 3rd period - Shot by Ryan Nugent-Hopkins. 10:20 of 3rd period - Shot Misses the Net. 11:12 of 3rd period - Ryan Graves is hit by Evan Rodrigues. 12:01 of 3rd period - Shot by Ryan Nugent-Hopkins. 12:01 of 3rd period - Stopped by Martin Jones with a rebound. 12:37 of 3rd period - Shot by Brett Howden. 12:37 of 3rd period - Shot Hit the Post. 12:39 of 3rd period - Shot by Martin Fehervary. 12:39 of 3rd period - Shot Misses the Net. 12:41 of 3rd period - Shot by Martin Fehervary. 12:41 of 3rd period - Shot Blocked by Niko Mikkola. 12:43 of 3rd period - Shot by Logan Stankoven. 12:43 of 3rd period - Shot Misses the Net. 13:41 of 3rd period - Shot by William Cuylle. 13:41 of 3rd period - Stopped by Martin Jones without a rebound. 13:42 of 3rd period - Tyler Johnson wins face-off versus Dylan Holloway in CALGARY FIREMEN zone. 13:42 of 3rd period - Tyler Johnson is hit by Dylan Holloway. 14:30 of 3rd period - Shot by Ryan Johansen. 14:30 of 3rd period - Shot Misses the Net. 14:32 of 3rd period - Shot by Brett Howden. 14:32 of 3rd period - Shot Misses the Net. 14:39 of 3rd period - Ryan Johansen is hit by Ryan McDonagh and loses puck. 14:43 of 3rd period - Minor Penalty to John Marino for Holding. 14:44 of 3rd period - Sean Couturier wins face-off versus Jack Drury in LAS VEGAS LIZARD KINGS zone. 14:59 of 3rd period - Shot by Ryan Nugent-Hopkins. 14:59 of 3rd period - Shot Misses the Net. 15:53 of 3rd period - Shot by Mason Marchment. 15:53 of 3rd period - Shot Misses the Net. 15:55 of 3rd period - Shot by Martin Fehervary. 15:55 of 3rd period - Stopped by Sergei Bobrovsky without a rebound. 15:56 of 3rd period - Ryan Nugent-Hopkins wins face-off versus Ryan Johansen in LAS VEGAS LIZARD KINGS zone. 16:05 of 3rd period - Shot by Rasmus Sandin. 16:05 of 3rd period - Shot Misses the Net. 16:48 of 3rd period - Logan Stankoven is hit by Niko Mikkola and loses puck. 17:44 of 3rd period - Shot by William Cuylle. 17:44 of 3rd period - Shot Blocked by Jacob Bryson. 17:46 of 3rd period - Shot by Dmitry Kulikov. 17:46 of 3rd period - Stopped by Martin Jones with a rebound. 17:48 of 3rd period - Shot by Sean Couturier. 17:48 of 3rd period - Shot Misses the Net. 17:50 of 3rd period - Shot by Luke Glendening. 17:50 of 3rd period - Shot Misses the Net. 17:54 of 3rd period - Shot by Sean Couturier. 17:54 of 3rd period - Shot Misses the Net. 17:59 of 3rd period - Icing by Jacob Bryson. 18:00 of 3rd period - Ryan Nugent-Hopkins wins face-off versus Brett Howden in CALGARY FIREMEN zone. 18:09 of 3rd period - Shot by Johnny Gaudreau. 18:09 of 3rd period - Shot Misses the Net. 18:11 of 3rd period - Shot by Simon Nemec. 18:11 of 3rd period - Stopped by Martin Jones without a rebound. 18:12 of 3rd period - Nazem Kadri wins face-off versus Michael McCarron in CALGARY FIREMEN zone. 18:53 of 3rd period - Nazem Kadri is hit by Martin Fehervary and loses puck. 19:13 of 3rd period - Tyler Johnson is hit by John Marino and loses puck. Goals for this period are 0 for CALGARY FIREMEN vs 0 for LAS VEGAS LIZARD KINGS. Shots for this period are 5 for CALGARY FIREMEN vs 7 for LAS VEGAS LIZARD KINGS. Overtime #10:01 of 1st overtime period - Nazem Kadri wins face-off versus Tyler Johnson in neutral zone. 0:14 of 1st overtime period - Shot by Nazem Kadri. 0:14 of 1st overtime period - Shot Misses the Net. 0:16 of 1st overtime period - Shot by Ryan Nugent-Hopkins. 0:16 of 1st overtime period - Stopped by Martin Jones without a rebound. 0:17 of 1st overtime period - Tyler Johnson wins face-off versus Nazem Kadri in CALGARY FIREMEN zone. 0:42 of 1st overtime period - Shot by Tyler Johnson. 0:42 of 1st overtime period - Deflect By Mason Marchment. 0:42 of 1st overtime period - Stopped by Sergei Bobrovsky without a rebound. 0:43 of 1st overtime period - Nazem Kadri wins face-off versus Ryan Johansen in LAS VEGAS LIZARD KINGS zone. 0:58 of 1st overtime period - Shot by Nazem Kadri. 0:58 of 1st overtime period - Shot Misses the Net. 1:00 of 1st overtime period - Shot by Ryan Nugent-Hopkins. 1:00 of 1st overtime period - Stopped by Martin Jones without a rebound. 1:01 of 1st overtime period - Tyler Johnson wins face-off versus Vladislav Namestnikov in CALGARY FIREMEN zone. 1:08 of 1st overtime period - Shot by Tyler Johnson. 1:08 of 1st overtime period - Stopped by Sergei Bobrovsky with a rebound. 1:28 of 1st overtime period - Shot by Johnny Gaudreau. 1:28 of 1st overtime period - Stopped by Martin Jones without a rebound. 1:29 of 1st overtime period - Nazem Kadri wins face-off versus Ryan Johansen in CALGARY FIREMEN zone. 1:30 of 1st overtime period - Shot by Ryan Nugent-Hopkins. 1:30 of 1st overtime period - Stopped by Martin Jones without a rebound. 1:31 of 1st overtime period - Nazem Kadri wins face-off versus Tyler Johnson in CALGARY FIREMEN zone. 1:40 of 1st overtime period - Shot by Nazem Kadri. 1:40 of 1st overtime period - Shot Blocked by Rasmus Sandin. 2:06 of 1st overtime period - Shot by Nazem Kadri. 2:06 of 1st overtime period - Shot Blocked by Rasmus Sandin. 2:08 of 1st overtime period - Shot by Ryan Nugent-Hopkins. 2:08 of 1st overtime period - Stopped by Martin Jones with a rebound. 2:10 of 1st overtime period - Shot by Ryan Nugent-Hopkins. 2:10 of 1st overtime period - Stopped by Martin Jones without a rebound. 2:11 of 1st overtime period - Ryan Johansen wins face-off versus Vladislav Namestnikov in CALGARY FIREMEN zone. 2:38 of 1st overtime period - Shot by Calle Jarnkrok. 2:38 of 1st overtime period - Shot Misses the Net. 3:03 of 1st overtime period - Icing by Ryan Graves. 3:04 of 1st overtime period - Nazem Kadri wins face-off versus Ryan Johansen in CALGARY FIREMEN zone. 3:35 of 1st overtime period - Shot by Ryan Nugent-Hopkins. 3:35 of 1st overtime period - Shot Misses the Net. 4:28 of 1st overtime period - Shot by Vladislav Namestnikov. 4:28 of 1st overtime period - Shot Blocked by Rasmus Sandin. Goals for this period are 0 for CALGARY FIREMEN vs 0 for LAS VEGAS LIZARD KINGS. Shots for this period are 2 for CALGARY FIREMEN vs 6 for LAS VEGAS LIZARD KINGS. ShootOut5:00 of 1st overtime period - Round #1. 5:00 of 1st overtime period - CALGARY FIREMEN, Tyler Johnson. 5:00 of 1st overtime period - Goal by Tyler Johnson. 5:00 of 1st overtime period - LAS VEGAS LIZARD KINGS, Ryan Nugent-Hopkins. 5:00 of 1st overtime period - Shot Misses the Net. 5:00 of 1st overtime period - Round #2. 5:00 of 1st overtime period - CALGARY FIREMEN, Mason Marchment. 5:00 of 1st overtime period - Shot Misses the Net. 5:00 of 1st overtime period - LAS VEGAS LIZARD KINGS, Nazem Kadri. 5:00 of 1st overtime period - Stopped by Martin Jones. 5:00 of 1st overtime period - Round #3. 5:00 of 1st overtime period - CALGARY FIREMEN, Calle Jarnkrok. 5:00 of 1st overtime period - Stopped by Sergei Bobrovsky. 5:00 of 1st overtime period - LAS VEGAS LIZARD KINGS, Johnny Gaudreau. 5:00 of 1st overtime period - Goal by Johnny Gaudreau. 5:00 of 1st overtime period - Round #4. 5:00 of 1st overtime period - CALGARY FIREMEN, Ryan Johansen. 5:00 of 1st overtime period - Shot Misses the Net. 5:00 of 1st overtime period - LAS VEGAS LIZARD KINGS, Sean Couturier. 5:00 of 1st overtime period - Goal by Sean Couturier. Back to the Top |
![]() |
![]() |
![]() |
MATTHEW TKACHUK |
TOM WILSON |
JAKE GUENTZEL |